 Dungeon Crawl Stone Soup version 0.23.2-1-ga50397a (webtiles) character file.

Game seed: 10480300844219397672

23 MalarOregon the Poker (level 3, -6/29 HPs)
             Began as a Merfolk Fighter on May 14, 2019.
             Killed by divine providence
             ... invoked by an orc priest
              (11 damage)
             ... on level 2 of the Dungeon.
             The game lasted 00:01:07 (855 turns).

MalarOregon the Poker (Merfolk Fighter)              Turns: 855, Time: 00:01:07

Health: -6/29      AC:  8    Str: 17    XL:     3   Next: 0%
Magic:  3/3        EV:  7    Int:  7    God:
Gold:   34         SH:  9    Dex: 13    Spells: 2/2 levels left

rFire    . . .     SeeInvis .   a - +0 trident
rCold    . . .     Gourm    .   c - +0 shield
rNeg     . . .     Faith    .   b - +0 scale mail
rPois    .         Spirit   .   (no helmet)
rElec    .         Reflect  .   (no cloak)
rCorr    .         Harm     .   (no gloves)
MR       .....                  (no boots)
Stlth    ..........             (no amulet)
HPRegen  0.09/turn              j - +2 ring of protection
MPRegen  0.08/turn              (no ring)

@: no status effects
A: change form in water, swift swim, stealthy swim
a: no special abilities


You were on level 2 of the Dungeon.
You were not hungry.

You visited 1 branch of the dungeon, and saw 2 of its levels.

You collected 34 gold pieces.

Inventory:

Hand Weapons
 a - a +0 trident (weapon)
Armour
 b - a +0 scale mail (worn)
 c - a +0 shield (worn)
Jewellery
 j - a +2 ring of protection (left hand)
   (You found it on level 1 of the Dungeon)
Scrolls
 f - a scroll of teleportation {unknown}
 g - 2 scrolls of blinking
Potions
 d - a potion of might
 h - a potion of haste {@q3}
 i - a potion of berserk rage
 l - a potion of curing {unknown}
Comestibles
 e - 5 rations {!d}
 k - 10 chunks of flesh


   Skills:
 - Level 3.2 Fighting
 + Level 4.1 Polearms
 - Level 2.1 Armour
 + Level 3.5 Shields


You had 2 spell levels left.
You didn't know any spells.
Your spell library was empty.

Dungeon Overview and Level Annotations

Branches:
Dungeon (2/15)

Altars:


Message History

You hit the leopard gecko.
You kill the leopard gecko!
No target in view!
No target in view!
No target in view!
No target in view!
No target in view!
No target in view!
No target in view!
No target in view!
Found a scale mail.
You see here a leopard gecko corpse.
You butcher the leopard gecko corpse.
k - 10 chunks of flesh (gained 2)
You see here a leopard gecko skeleton. x2
An orc is nearby!
An orc is nearby!
You hit the orc. You block the orc's attack.
You hit the orc. The orc hits you but does no damage.
You puncture the orc!
You kill the orc!
You have reached level 3!
Your experience leads to an increase in your attributes!
Increase (S)trength, (I)ntelligence, or (D)exterity?
You feel stronger.
The orc priest calls down the wrath of Beogh upon you.
Beogh smites you! The orc hits you but does no damage.
Attack whom?
Aim: an orc priest, wielding a +0 whip You reach to attack!
You hit the orc priest but do no damage.
The orc hits you but does no damage.
You barely miss the orc priest.
The orc priest looks braver for a moment.
You block the orc's attack.
You closely miss the orc priest.
The orc priest miscasts a cantrip.
The orc barely misses you.
The orc priest mumbles some strange prayers to Beogh against you.
Pain shoots through your body!
* * * LOW HITPOINT WARNING * * *
Your shield and scale mail prevent you from hitting the orc priest.
You block the orc's attack. You block the orc priest's attack.
The orc hits you but does no damage.
Your shield and scale mail prevent you from hitting the orc priest.
You block the orc priest's attack. The orc barely misses you.
You puncture the orc priest!
The orc priest calls down the wrath of Beogh upon you.
Beogh smites you!
You die...

#....... ###### #.......
# #....# #....... ..
#....# #....... ..
#....# #....... #.#....#
#....... #......#
#.......
###....รท########.......
#....o@..........######
...##..o...........#
#..#########...# ..... .
##..# ...[. ... #..#####
....... ....$#..##...
....... ...ooo#.......
....... ....oo#..##...
.....##..##...


You could see an orc priest and an orc.

Vanquished Creatures
  A leopard gecko (D:2)
  An orc (D:2)
  A goblin (D:2)
  9 jackals
  2 bats
  2 kobolds
  2 rats
18 creatures vanquished.

Notes
Turn   | Place    | Note
-------+----------+-------------------------------------------
     0 | D:1      | MalarOregon the Merfolk Fighter began the quest for the
                  | Orb.
     0 | D:1      | Reached XP level 1. HP: 18/18 MP: 1/1
   386 | D:1      | Reached XP level 2. HP: 24/24 MP: 2/2
   784 | D:2      | Reached skill level 4 in Polearms
   849 | D:2      | Reached XP level 3. HP: 29/29 MP: 3/3
   855 | D:2      | Killed from afar by an orc priest

Skill      XL: |  1  2 |
---------------+-------+-----
Polearms       | 4 |  4.1
Fighting       | |  3.2
Armour         | |  2.1
Shields        | |  3.5

Action                   || total
-------------------------++-------
Melee: Trident           ||    58
  Use: Scroll            ||     5
Armor: Scale mail        ||    30
Dodge: Dodged            ||    14
Block: Shield            ||    35
